AoeStats
← Sr Ferchonidas

Arabia

510636435Analyzed
1v1 RM · 19h ago on Oct 1, 2026· 47m 12s· 2 players
Game mode
Random Map
Map size
Tiny (2 player)
Population
200
Speed
Normal
Resources
Standard
Victory
Conquest
Starting age
Dark Age
Ending age
Imperial Age
RankedLock teamsTeams togetherTeam positionsShared explorationLock speedFull tech treeHidden civsTurbo modeCheats
Victory
Defeat
🇦🇷 Byzantines · Argentina
701
+15
🇻🇪 Gurjaras · Venezuela
673
-15
arepa300
6:36 Loom
9:34 Feudal Age
10:57 Double-Bit Axe
15:42 Bloodlines
17:10 Horse Collar
23:04 Castle Age
21:13 Gold Mining
22:03 Scale Barding Armor
22:29 Forging
24:39 Bow Saw
25:03 Town Watch
25:50 Husbandry
26:51 Wheelbarrow
26:23 Stone Mining
33:06 Ballistics
35:31 Hand Cart
39:44 Town Patrol
41:21 Fletching
41:34 Scale Mail Armor
44:22 Murder Holes
44:54 Fletching
Sr Ferchonidas
11:32 Feudal Age
12:00 Double-Bit Axe
12:00 Horse Collar
12:13 Gold Mining
18:24 Loom
22:53 Castle Age
23:16 Forging
23:08 Scale Mail Armor
24:08 Squires
25:03 Gambesons
26:26 Wheelbarrow
27:15 Iron Casting
32:00 Bow Saw
32:58 Arson
33:59 Chain Mail Armor
35:27 Heavy Plow
39:22 Fletching
40:54 Gold Shaft Mining
40:54 Bodkin Arrow
42:42 Hand Cart
45:51 Treadmill Crane
50:09 Imperial Age
Connection lost

Rejoining the realm…

Still unreachable

The connection could not be restored.

Session expired

The server has moved on; the page needs a fresh start.